 Dungeon Crawl Stone Soup version 0.31-a0-845-g9abc20d24f (webtiles) character file.

Game seed: 13245488370651359648

3011 LeprechaunX the Mimic (level 9, -3/62 HPs)
             Began as an Octopode Shapeshifter on Oct 2, 2023.
             Was an Initiate of Hepliaklqana.
             Succumbed to a hornet's poison
             ... on level 7 of the Dungeon.
             The game lasted 00:10:51 (8391 turns).

LeprechaunX the Mimic (Octopode Shapeshifter)       Turns: 8391, Time: 00:10:52

Health: -3/62      AC:  1    Str: 17    XL:     9   Next: 84%
Magic:  9/9        EV: 15    Int: 12    God:    Hepliaklqana [......]
Gold:   354        SH:  0    Dex: 12    Spells: 8/8 levels left

rFire   . .          .
                       - Unarmed
rCold   . . .        (no shield)
rNeg    . . .        (helmet currently unavailable)
rPois   .            l - amulet of the acrobat
rElec   .            s - ring of flight
rCorr   .            J - ring of willpower
SInv    .            (no ring)
Will    +....        (no ring)
Stlth   ++           (no ring)
HPRegen 0.30/turn    (no ring)
MPRegen 0.11/turn    (no ring)
                     (no ring)

%: acrobat
@: lethally poisoned (-3 -> -19), beast-form, flying, slowed, very slow
A: beast (slay +4), almost no armour, amphibious, 8 rings, camouflage 1,
gelatinous body 1, (nimble swimmer 1), tentacles
a: Begin Untransformation, Renounce Religion


You were on level 7 of the Dungeon.
You worshipped Hepliaklqana.
Hepliaklqana was noncommittal.
You were a hulking beast.
You visited 2 branches of the dungeon, and saw 8 of its levels.
You also visited: Sewer.

You collected 354 gold pieces.

Inventory:

Hand Weapons
 a - a +0 shortbow
 D - a +0 sling
Missiles
 k - 4 curare-tipped darts
 u - 3 boomerangs (quivered)
 C - a throwing net
Jewellery
 l - an amulet of the acrobat (around mantle)
 q - an amulet of magic regeneration
 s - a ring of flight (left tentacle)
 J - a ring of willpower (right tentacle)
 K - an amulet of reflection
Talismans
 b - a beast talisman (active)
 c - a flux talisman
 v - a maw talisman
Wands
 p - a wand of iceblast (10)
 F - a wand of mindburst (8)
 I - a wand of flame (10)
Scrolls
 e - 2 scrolls of vulnerability {unknown}
 f - 3 scrolls of revelation {unknown}
 h - 3 scrolls of fog {unknown}
 j - 4 scrolls of teleportation
 n - a scroll of enchant armour {unknown}
 w - 5 scrolls of identify {unknown}
 y - 2 scrolls of poison {unknown}
 A - a scroll of silence {unknown}
 B - 3 scrolls of summoning {unknown}
 E - a scroll of immolation {unknown}
 H - a scroll of torment {unknown}
Potions
 d - 2 potions of brilliance {unknown}
 g - 3 potions of invisibility {unknown}
 i - 2 potions of lignification
 m - 8 potions of curing {unknown}
 o - 4 potions of berserk rage {unknown}
 r - a potion of degeneration {unknown}
 t - a potion of attraction {unknown}
 x - 7 potions of enlightenment
 z - 2 potions of haste {unknown}
 G - a potion of heal wounds {unknown}


   Skills:
 + Level 5.9 Fighting
 + Level 6.2 Dodging
 + Level 6.6 Unarmed Combat
 * Level 8.4 Shapeshifting


You had 8 spell levels left.
You didn't know any spells.
Your spell library contained the following spells:

 Spells                   Type           Power      Damage    Failure   Level
 Foxfire                  Conj/Fire      0%         2x1d4     32%         1
 Slow                     Hex            0%         N/A       32%         1
 Sublimation of Blood     Necr           0%         N/A       45%         2
 Wereblood                Tmut           0%         N/A       45%         2
 Confusing Touch          Hex            0%         N/A       69%         3
 Frozen Ramparts          Ice            0%         1d1       69%         3
 Hailstorm                Conj/Ice       0%         3d3       69%         3
 Sigil of Binding         Hex            0%         N/A       69%         3
 Tukima's Dance           Hex            0%         N/A       69%         3
 Vampiric Draining        Necr           0%         2d6       69%         3
 Brom's Barrelling Bould  Conj/Erth      0%         2d3       97%         4
 Olgreb's Toxic Radiance  Pois           0%         N/A       97%         4
 Passage of Golubria      Tloc           0%         N/A       97%         4
 Petrify                  Tmut/Erth      0%         N/A       97%         4
 Summon Ice Beast         Ice/Summ       0%         N/A       97%         4
 Fireball                 Conj/Fire      0%         3d3       100%        5
 Iskenderun's Battlesphe  Conj           0%         2d6       100%        5
 Metabolic Englaciation   Hex/Ice        0%         N/A       100%        5
 Yara's Violent Unravell  Hex/Tmut       0%         3d3       100%        5
 Conjure Ball Lightning   Conj/Air       0%         3x3d6     100%        6
 Plasma Beam              Fire/Air       0%         2x1d10    100%        6
 Simulacrum               Ice/Necr       0%         N/A       100%        6
 Starburst                Conj/Fire      0%         6d3       100%        6
 Orb of Destruction       Conj           0%         9d5       100%        7
 Summon Hydra             Summ           0%         N/A       100%        7
 Discord                  Hex            0%         N/A       100%        8
 Disjunction              Tloc           0%         N/A       100%        8
 Ignition                 Fire           0%         3d3       100%        8


Dungeon Overview and Level Annotations

Branches:
Dungeon (7/15)             Temple (1/1) D:6           Sewer (visited)

Altars:
Ashenzari
Cheibriados
Dithmenos
Fedhas
Gozag
Hepliaklqana
Makhleb
Nemelex Xobeh
Okawaru
Qazlal
Sif Muna
Trog
Uskayaw
Vehumet
Wu Jian
Xom
Zin
Lugonu


Innate Abilities, Weirdness & Mutations

You are a hulking beast.
Your limbs bulge with bestial killing power. (Slay +4)
You cannot wear most types of armour.
You are amphibious.
You can wear up to eight rings at the same time.
Your skin changes colour to match your surroundings (Stealth+).
Your rubbery body absorbs attacks. (AC +1, EV +1)
((You are camouflaged when in or above water. (Stealth+)))
You have tentacles for arms and can constrict up to eight enemies at once.


Message History

A hornet is nearby!
A hornet is nearby!
A hornet is nearby!
A hornet is nearby!
The hornet buzzes angrily.
The hornet completely misses you. x2
You barely miss the hornet. You grab the hornet. You squeeze the hornet.
The hornet is lightly wounded.
You constrict the hornet, but do no damage.
The hornet stings you!
You feel yourself slow down.
You tentacle-slap the hornet. Your squeeze misses the hornet.
The hornet is lightly wounded.
You constrict the hornet. The hornet barely misses you.
The hornet closely misses you.
You closely miss the hornet.
You squeeze the hornet, but do no damage.
The hornet is moderately wounded.
You feel yourself speed up.
You constrict the hornet! The hornet stings you.
You feel yourself slow down. The hornet stings you!
You feel as though you will be slow longer.
You barely miss the hornet. Your squeeze misses the hornet.
The hornet is heavily wounded.
You constrict the hornet. The hornet closely misses you. The hornet stings you!
You are poisoned.
You feel as though you will be slow longer.
You tentacle-slap the hornet. You squeeze the hornet!
The hornet is almost dead.
You constrict the hornet.
You feel very sick. The hornet stings you!
* * * LOW HITPOINT WARNING * * *
You are lethally poisoned!
You feel as though you will be slow longer.
The hornet stings you!
* * * LOW HITPOINT WARNING * * *
You feel as though you will be slow longer.
You tentacle-slap the hornet.
You kill the hornet!
You die...

### #.# #.. #.# #.# #.# #†# ##
#h# #.#.##### ##.#####.#.....###.
#.....>..# #.......
#..#.....#.#.#.####
#........#......... ###
#######....#.#.#####..###
..#######..........#.#.#......###
.................................
..#######.#####.##...#..........#


There were no monsters in sight!

Vanquished Creatures
  2 hornets
  A wyvern (D:7)
  Menkaure (D:6)
  2 water moccasins
  An ice beast (D:6)
  3 black bears
  2 sky beasts (D:6)
  3 ogres
  2 centaurs (D:6)
  Blork the orc (D:6)
  2 bullfrogs (D:7)
  A gnoll sergeant (D:7)
  A scorpion (D:5)
  A jelly (D:4)
  6 hounds
  2 orc priests (D:5)
  A gnoll bouda (D:4)
  7 orc wizards
  Terence (D:2)
  An iguana (D:6)
  2 sleepcaps
  A sickly merfolk siren (Sewer)
  A malarious merfolk avatar (Sewer)
  8 adders
  16 gnolls
  3 river rats (Sewer)
  A shadow imp (D:7)
  2 white imps
  An ufetubus (D:7)
  4 worms
  A dart slug (D:2)
  23 orcs
  6 bats
  4 endoplasms
  2 giant cockroaches
  5 goblins
  7 hobgoblins
  7 jackals
  5 quokkas
  10 ball pythons
  11 frilled lizards
  8 kobolds
  27 rats
196 creatures vanquished.

Notes
Turn   | Place    | Note
-------+----------+-------------------------------------------
     0 | D:1      | LeprechaunX the Octopode Shapeshifter began the quest for
                  | the Orb.
     0 | D:1      | Reached XP level 1. HP: 13/13 MP: 1/1
   174 | D:1      | Reached XP level 2. HP: 18/18 MP: 2/2
   489 | D:1      | Reached XP level 3. HP: 20/23 MP: 3/3
   609 | D:1      | Found a faded altar of an unknown god.
  1037 | D:2      | Noticed Terence
  1047 | D:2      | Killed Terence
  1048 | D:2      | Reached XP level 4. HP: 17/29 MP: 4/4
  1852 | D:3      | Found an iron altar of Okawaru.
  2001 | D:3      | Found a hide-covered altar of Uskayaw.
  2096 | D:3      | Reached skill level 4 in Shapeshifting
  2097 | D:3      | Reached XP level 5. HP: 19/34 MP: 5/5
  2189 | D:3      | Found a glowing drain.
  2193 | Sewer    | Entered a sewer
  2414 | Sewer    | Reached XP level 6. HP: 41/41 MP: 6/6
  2760 | D:3      | Noticed a black bear
  2766 | D:3      | Killed a black bear
  2866 | D:3      | Reached skill level 5 in Shapeshifting
  3208 | D:3      | Found an opulent altar of Gozag.
  3431 | D:4      | Noticed a water moccasin
  3438 | D:4      | Killed a water moccasin
  3439 | D:4      | Reached XP level 7. HP: 20/46 MP: 7/7
  3663 | D:4      | Identified the +6 chain mail of the Lich-sworn {Harm +Blink
                  | Fly Str-2}
  4526 | D:4      | Reached XP level 8. HP: 44/54 MP: 8/8
  5081 | D:5      | Entered Level 5 of the Dungeon
  5163 | D:5      | Reached skill level 6 in Shapeshifting
  5169 | D:5      | Reached skill level 5 in Unarmed Combat
  5448 | D:5      | Found a shimmering blue altar of Sif Muna.
  6340 | D:6      | Noticed a hornet
  6354 | D:6      | Killed a hornet
  6355 | D:6      | Reached skill level 5 in Dodging
  6448 | D:6      | Reached skill level 7 in Shapeshifting
  6508 | D:6      | Reached XP level 9. HP: 60/60 MP: 9/9
  6515 | D:6      | Reached skill level 5 in Fighting
  6807 | D:6      | Noticed Menkaure
  6819 | D:6      | Killed Menkaure
  6949 | D:6      | Found a stormy altar of Qazlal.
  6967 | D:6      | Noticed Blork the orc
  6975 | D:6      | Killed Blork the orc
  7079 | D:6      | Found a staircase to the Ecumenical Temple.
  7103 | D:6      | Found a shadowy altar of Dithmenos.
  7120 | Temple   | Entered the Ecumenical Temple
  7134 | Temple   | Became a worshipper of Hepliaklqana the Forgotten
  7319 | D:6      | Reached skill level 8 in Shapeshifting
  7802 | D:7      | Found a glowing silver altar of Zin.
  8008 | D:7      | Found a shimmering altar of Xom.
  8382 | D:7      | Noticed a hornet
  8390 | D:7      | HP: 2/62 [hornet (8)]
  8391 | D:7      | Killed a hornet
  8391 | D:7      | Succumbed to a hornet's poison

Illustrated notes

Levels and vault maps discovered:
D:1:      dpeg_arrival_erosion, layout_basic,
          dreamdust_ecumenical_altar_angels_and_demons
D:2:      layout_basic, uniq_terence
D:3:      layout_basic, okawaru_trees_1, grunt_gozag_statues,
          lemuel_crystal_altar, gup_sewer_entry_spiral, patterned_corridor
D:4:      layout_layer_cave, minmay_a_box_with_orc_wizards_in_it
D:5:      layout_basic, general_overflow_altar, grunt_decor_fettered
D:6:      layout_cave_pools, mainiacjoe_overflow_24_doors,
          nicolae_dithmenos_through_a_glass_darkly, minmay_temple_entry_slanted,
          kennysheep_generic_room_7, uniq_menkaure, uniq_blork_the_orc
D:7:      layout_basic, mainiacjoe_overflow_chevrons, xom_teletrap_fun,
          gammafunk_ghost_cemetery
Temple:   kb_corrupted_temple

Skill      XL: |  1  2  3  4  5  6  7  8  9 |
---------------+----------------------------+-----
Fighting       | 2 3 4 5 |  5.9
Shapeshifting  | 4 5 7 8 |  8.4
Dodging        | 3 4 5 6 |  6.2
Unarmed Combat | 4 5 6 |  6.6

Action                     |  1- 3 |  4- 6 |  7- 9 || total
---------------------------+-------+-------+-------++-------
  Melee: Unarmed           |    53 |   150 |   203 ||   406
         Constrict         |    10 |    43 |    48 ||   101
         Tentacles         |     8 |    28 |    50 ||    86
         Punch             |     5 |     5 |    10 ||    20
   Fire: Shortbow          |       |       |    21 ||    21
  Throw: Boomerang         |       |     2 |    15 ||    17
         Dart              |       |     1 |       ||     1
    Use: Potion            |       |       |     1 ||     1
   Stab: Sleeping          |     6 |     9 |     4 ||    19
 Armour: Skin              |    17 |    46 |   107 ||   170
  Dodge: Dodged            |    21 |    80 |   152 ||   253

Table legend: (Time is in decaauts)
 A = Elapsed time spent in this place.
 B = Non-inter-level travel time spent in this place.
 C = Inter-level travel time spent in this place.
 D = Time resting spent in this place.
 E = Time spent auto-exploring this place.
 F = Levels seen in this place.
 G = Mean time per level.
                   A        B        C        D        E       F      G
               +--------+--------+--------+--------+--------+-----+--------+
         Total |   8366 |   8055 |    311 |   1155 |   5412 |   9 |  929.6 |
       Dungeon |   7921 |   7637 |    284 |   1138 |   5218 |   7 | 1131.6 |
        Temple |     28 |      2 |     26 |      0 |      0 |   1 |   28.0 |
         Sewer |    416 |    416 |      0 |     17 |    194 |   1 |  416.0 |
               +--------+--------+--------+--------+--------+-----+--------+

Top non-repeatable levels by time:
     D:4: 1652 daAuts
     D:6: 1248 daAuts
     D:5: 1186 daAuts
     D:3: 1173 daAuts
     D:1: 982 daAuts
     D:7: 841 daAuts
     D:2: 837 daAuts
   Sewer: 416 daAuts
  Temple: 28 daAuts
